 Dungeon Crawl Stone Soup version 0.28-a0-1130-gc51a68064b (webtiles) character file.

Game seed: 14422042082186654969

9 Redcow54321 the Covert (level 2, -1/29 HPs)
             Began as a Gnoll Delver on Dec 13, 2021.
             Slain by a scorpion (2 damage)
             ... on level 5 of the Dungeon.
             The game lasted 00:00:41 (274 turns).

Redcow54321 the Covert (Gnoll Delver)                Turns: 274, Time: 00:00:42

Health: -1/29      AC:  3    Str: 11    XL:     2   Next: 16%
Magic:  2/2        EV: 13    Int:  9    God:
Gold:   13         SH:  0    Dex: 13    Spells: 1/1 levels left

rFire   . . .      SeeInvis .   a - +0 falchion
rCold   . . .      Faith    .   (no shield)
rNeg    . . .      Spirit   .   b - +0 leather armour
rPois   .          Reflect  .   (no helmet)
rElec   .          Harm     .   (no cloak)
rCorr   .          Rampage  .   (no gloves)
Will    .....                   (no boots)
Stlth   ++++......              (no amulet)
HPRegen 0.09/turn               (no ring)
MPRegen 0.08/turn               (no ring)

@: no status effects
A: fangs 1, strong nose, distributed training
a: no special abilities


You were on level 5 of the Dungeon.
You visited 1 branch of the dungeon, and saw 2 of its levels.

You collected 13 gold pieces.

Inventory:

Hand Weapons
 a - a +0 falchion (weapon)
Armour
 b - a +0 leather armour (worn)
Wands
 g - a wand of digging (3)
Scrolls
 c - a scroll of fog
 d - a scroll of magic mapping
 e - a scroll of fear
 h - a scroll of identify {unknown}
Potions
 f - a potion of haste


   Skills:
 + Level 6.4 Fighting
 + Level 0.3 Short Blades
 + Level 4.4 Long Blades
 + Level 0.3 Axes
 + Level 0.3 Maces & Flails
 + Level 0.3 Polearms
 + Level 0.3 Staves
 + Level 0.3 Slings
 + Level 0.3 Bows
 + Level 0.3 Crossbows
 + Level 0.3 Throwing
 + Level 0.3 Armour
 + Level 4.4 Dodging
 + Level 9.5 Stealth
 + Level 0.3 Shields
 + Level 0.3 Unarmed Combat
 + Level 0.3 Spellcasting
 + Level 0.2 Conjurations
 + Level 0.2 Hexes
 + Level 0.2 Summonings
 + Level 0.2 Necromancy
 + Level 0.2 Translocations
 + Level 0.2 Transmutations
 + Level 0.2 Fire Magic
 + Level 0.2 Ice Magic
 + Level 0.2 Air Magic
 + Level 0.2 Earth Magic
 + Level 0.2 Poison Magic
 + Level 0.4 Invocations
 + Level 0.3 Evocations


You had one spell level left.
You didn't know any spells.
Your spell library was empty.

Dungeon Overview and Level Annotations

Branches:
Dungeon (6/15)
 Temple: D:4-7

Altars:


Innate Abilities, Weirdness & Mutations

You have very sharp teeth.
Your uncanny sense of smell can sniff out nearby items.
Your experience applies equally to all skills.


Message History

You have reached level 2!
You start resting.
HP restored.
Found a scroll labelled DEZXEM QESTOR.
A scorpion comes into view.
You closely miss the scorpion. The scorpion misses you.
You hit the scorpion but do no damage. The scorpion closely misses you.
You barely miss the scorpion.
The scorpion stings you but does no damage.
The scorpion misses you.
You barely miss the scorpion. The scorpion stings you.
You are poisoned.
The scorpion poisons you!
You hit the scorpion but do no damage.
You feel very sick. The scorpion closely misses you.
You completely miss the scorpion.
You feel sick. The scorpion barely misses you.
You hit the scorpion but do no damage.
You feel sick. The scorpion stings you! The scorpion stings you.
* * * LOW HITPOINT WARNING * * *
You hit the scorpion but do no damage.
You feel sick. The scorpion closely misses you.
You hit the scorpion but do no damage.
You feel sick. The scorpion barely misses you.
You closely miss the scorpion.
You feel sick. The scorpion closely misses you. The scorpion misses you.
You hit the scorpion but do no damage. Your bite misses the scorpion.
You feel sick.
You are no longer poisoned.
The scorpion closely misses you.
You barely miss the scorpion. The scorpion closely misses you.
You hit the scorpion.
The scorpion is lightly wounded.
The scorpion barely misses you. x2
You hit the scorpion but do no damage. The scorpion barely misses you.
You closely miss the scorpion. The scorpion stings you.
* * * LOW HITPOINT WARNING * * *
You barely miss the scorpion. The scorpion stings you.
You die...

#.#
#.#
#.#
#.#
#.#
#.#
#.#
#s#
#@#
###.#
#...#
#.###
#.#
#.#
#.#
#.#
#.#
#.#
#.#
#.#
#.#


You could see a scorpion.

Vanquished Creatures
  A howler monkey skeleton (D:5)
1 creature vanquished.

Notes
Turn   | Place    | Note
-------+----------+-------------------------------------------
     0 | D:5      | Reached skill level 9 in Stealth
     0 | D:5      | Redcow54321 the Gnoll Delver began the quest for the Orb.
     0 | D:5      | Reached XP level 1. HP: 23/23 MP: 1/1
    19 | D:6      | Noticed a wight
    19 | D:6      | Noticed a wight
    19 | D:6      | Noticed a wight
    19 | D:6      | Noticed a wight
    19 | D:6      | Noticed a wight
    51 | D:5      | Reached XP level 2. HP: 15/29 MP: 2/2
   245 | D:5      | Noticed a scorpion
   273 | D:5      | HP: 1/29 [scorpion (3)]
   274 | D:5      | Slain by a scorpion

Illustrated notes

Levels and vault maps discovered:
D:5:      layout_loops_ring, minmay_temple_entry_proselytizer
D:6:      layout_cave_pools

Skill      XL: | |
---------------+-+-----
Stealth        | |  9.5
Fighting       | |  6.4
Short Blades   | |  0.3
Long Blades    | |  4.4
Axes           | |  0.3
Maces & Flails | |  0.3
Polearms       | |  0.3
Staves         | |  0.3
Slings         | |  0.3
Bows           | |  0.3
Crossbows      | |  0.3
Throwing       | |  0.3
Armour         | |  0.3
Dodging        | |  4.4
Shields        | |  0.3
Unarmed Combat | |  0.3
Spellcasting   | |  0.3
Conjurations   | |  0.2
Hexes          | |  0.2
Summonings     | |  0.2
Necromancy     | |  0.2
Translocations | |  0.2
Transmutations | |  0.2
Fire Magic     | |  0.2
Ice Magic      | |  0.2
Air Magic      | |  0.2
Earth Magic    | |  0.2
Poison Magic   | |  0.2
Invocations    | |  0.4
Evocations     | |  0.3

Action                   || total
-------------------------++-------
Melee: Falchion          ||    25
       Bite              ||     1
Armor: Leather armour    ||     2
Dodge: Dodged            ||    18

Table legend: (Time is in decaauts)
 A = Elapsed time spent in this place.
 B = Non-inter-level travel time spent in this place.
 C = Inter-level travel time spent in this place.
 D = Time resting spent in this place.
 E = Time spent auto-exploring this place.
 F = Levels seen in this place.
 G = Mean time per level.
                   A        B        C        D        E       F      G
               +--------+--------+--------+--------+--------+-----+--------+
         Total |    276 |    276 |      0 |    146 |     12 |   2 |  138.0 |
       Dungeon |    276 |    276 |      0 |    146 |     12 |   2 |  138.0 |
               +--------+--------+--------+--------+--------+-----+--------+

Top non-repeatable levels by time:
     D:5: 274 daAuts
     D:6: 1 daAuts
